Map: Dreamcatcher LE

Players

Cuddlebear

  • Race: Terran Terran
  • Spawn Location: 11:00

ShoWTimE - Winner!

  • Race: Protoss Protoss
  • Spawn Location: 5:00

Event: WCS Austin 2018

VOD

Have the link to the VOD?

Description

Time

  • Played on: June 1, 2018, 6:29 p.m.
  • Length: 13:30

All games in this series

Show
View Real Time Build Order
Export as new Build Order

Cuddlebear Terran 

Build Orders: Reaper Expand, MMM Bio 

Get SALT Encoding   

  12  0:00  SCV  
  13  0:12  SCV  
  14  0:17  Supply Depot  
  14  0:24  SCV  
  15  0:38  SCV  
  15  0:39  Barracks  
  16  0:44  Refinery  
  16  0:50  SCV  
  17  1:02  SCV  
  18  1:15  SCV  
  19  1:27  Reaper  
  19  1:28  Orbital Command  
  20  1:48  Command Center  
  20  1:53  SCV  
  21  2:02  Barracks  
  21  2:03  Barracks Reactor  
  21  2:07  SCV  
  22  2:17  Supply Depot  
  22  2:20  SCV  
  23  2:26  Barracks  
  23  2:39  SCV  
  24  2:45  Marine x2  
  24  2:50  Barracks Tech Lab  
  24  2:51  SCV  
  26  2:53  Supply Depot  
  26  3:03  Marine x2, SCV  
  29  3:15  SCV, Barracks Tech Lab  
  29  3:16  Stimpack, Marine  
  31  3:28  Marine x2, SCV  
  31  3:32  Orbital Command  
  34  3:38  Marauder  
  34  3:40  SCV, Combat Shields  
  37  3:45  Marauder  
  38  3:49  Marine  
  38  3:51  Marine  
  38  3:53  SCV  
  41  3:58  SCV  
  41  4:02  Marauder  
  44  4:05  SCV  
  44  4:09  Marine  
  48  4:13  Marauder  
  48  4:14  Engineering Bay  
  48  4:15  Marine  
  49  4:18  SCV  
  49  4:22  SCV  
  51  4:25  Marauder  
  51  4:28  Marine  
  54  4:32  Supply Depot  
  54  4:34  Refinery  
  54  4:42  Supply Depot, Missile Turret  
  54  4:47  Factory  
  54  4:51  Missile Turret  
  54  4:54  Marine, SCV x2  
  54  4:58  Marine  
  54  4:59  Marauder, Marine  
  61  5:06  Concussive Shells, SCV x2  
  63  5:11  Marine  
  64  5:18  Barracks  
  64  5:19  Barracks, Supply Depot  
  64  5:22  SCV  
  64  5:23  Supply Depot  
  64  5:24  SCV  
  66  5:29  Marine  
  66  5:35  SCV  
  68  5:40  Factory Reactor  
  68  5:42  Starport, Marine  
  70  5:46  Marauder  
  70  5:48  Marine  
  72  5:50  Refinery  
  72  5:56  Marauder  
  74  5:58  Supply Depot  
  74  5:59  SCV  
  74  6:00  Marine  
  74  6:02  SCV  
  77  6:07  Marine  
  78  6:13  Marauder, Barracks Tech Lab  
  78  6:14  Barracks Reactor  
  78  6:15  SCV x2  
  78  6:17  Marauder  
  84  6:24  Refinery  
  84  6:28  Supply Depot, Marine  
  85  6:33  SCV  
  85  6:34  Marauder  
  85  6:36  Marine  
  85  6:37  Marauder  
  85  6:38  Marine  
  85  6:39  SCV  
  93  6:40  Factory Reactor  
  93  6:46  Marine  
  94  6:52  Marine  
  95  6:54  Marine  
  95  6:55  Marauder  
  95  6:56  Marauder  
  95  6:58  Marauder  
  102  7:03  Terran Infantry Weapons Level 1, Medivac, Marine  
  105  7:16  Marine  
  105  7:17  Command Center  
  105  7:21  Supply Depot  
  108  7:22  Marauder  
  108  7:31  Marauder, Marine  
  108  7:33  Widow Mine x2, Medivac  
  117  7:38  Medivac  
  119  7:52  Marine  
  119  7:53  Marauder  
  119  7:55  SCV  
  119  7:56  SCV  
  124  7:59  Marine x3  
  124  8:00  Marauder x2, Widow Mine  
  133  8:10  Marine  
  134  8:23  Supply Depot x2  
  134  8:24  Supply Depot  
  134  8:28  Medivac x2, Marine  
  134  8:29  Marauder x2, Widow Mine x2  
  146  8:38  Marauder, Marine  
  146  8:39  Marine x2  
  145  8:49  Marine  
  146  8:57  Marine, Terran Infantry Armor Level 1  
  146  8:58  Marauder  
  146  8:59  Marine  
  146  9:02  Widow Mine x2  
  154  9:05  Orbital Command  
  152  9:21  Marauder, Marine  
  144  9:25  Liberator  
  144  9:29  Marine x2  
  144  9:30  Marauder  
  144  9:31  Marauder, Marine  
  142  9:32  Medivac, Widow Mine x2  
  148  9:39  Marine  
  148  9:42  Marine  
  143  9:47  Marine x2  
  141  9:57  Marine  
  141  9:58  Marauder  
  141  9:59  Widow Mine  
  148  10:00  Widow Mine  
  148  10:01  Marine  
  148  10:02  SCV x2  
  148  10:03  Marauder, Marine, SCV  
  153  10:14  Marine, SCV  
  153  10:15  SCV  
  153  10:16  Marine  
  153  10:19  Marauder  
  158  10:27  Marine x2  
  158  10:28  Marauder  
  151  10:30  SCV  
  152  10:38  Marine x2  
  152  10:39  Marauder  
  152  10:40  Marine  
  157  10:43  Ghost Academy  
  157  10:45  Marine x2  
  157  10:49  Marauder  
  134  10:53  SCV  
  134  10:55  SCV x2  
  134  10:56  Marine  
  134  10:57  Marine  
  134  10:59  Marauder  
  134  11:00  Marine  
  134  11:01  Medivac x2  
  134  11:03  Armory, Marine x2  
  134  11:04  Engineering Bay  
  144  11:11  Marauder, Widow Mine x2  
  150  11:14  Marine  
  150  11:15  Marine  
  154  11:19  Marine  
  154  11:20  Refinery x2  
  154  11:22  Personal Cloaking  
  154  11:24  Missile Turret  
  154  11:25  Missile Turret  
  153  11:30  Marine, Ghost  
  156  11:36  Widow Mine x2, Medivac  
  162  11:41  Marine  
  162  11:44  Marine  
  162  11:45  Marauder  
  165  11:47  Marauder, Marine  
  164  11:56  Marine  
  164  11:58  Ghost  
  164  12:00  Marine  
  149  12:05  Ghost  
  142  12:08  Orbital Command  
  142  12:09  Marauder  
  130  12:21  Marine  
  110  12:24  Marine x2  
  110  12:27  Ghost, Marine  
  110  12:29  Ghost  
  87  12:34  Ghost  
  73  12:41  Marine  
  73  12:44  Marine x2  
  67  12:45  Marine  
  67  12:46  Widow Mine x2, Medivac x2  
  77  12:56  Marauder  
  79  12:59  Marauder, Marine  
  79  13:02  Marine  
  79  13:03  Marauder  
  85  13:12  Marine x2  
Show
View Real Time Build Order
Export as new Build Order

ShoWTimE Protoss - Winner!

Build Orders: 1 Gate Expand, Oracle Opening, Chargelot Immortal 

Get SALT Encoding   

  12  0:00  Probe  
  13  0:12  Probe  
  14  0:19  Pylon  
  14  0:24  Probe  
  15  0:35  Probe  
  15  0:37  Gateway  
  16  0:43  Probe  
  16  0:49  Assimilator  
  17  0:52  Probe  
  18  0:59  Pylon  
  18  1:04  Probe  
  19  1:16  Probe  
  20  1:25  Cybernetics Core  
  20  1:42  Nexus  
  20  1:45  Probe  
  21  1:51  Assimilator  
  21  1:52  Adept  
  21  1:57  Probe  
  24  2:09  Probe  
  24  2:10  Adept  
  25  2:22  Probe  
  27  2:30  Stargate  
  27  2:34  Probe  
  28  2:46  Probe  
  28  2:51  Probe  
  28  2:53  Warp Gate  
  28  2:54  Adept  
  31  2:58  Probe  
  31  2:59  Probe  
  31  3:05  Oracle  
  33  3:09  Probe  
  33  3:11  Probe  
  38  3:21  Probe  
  38  3:23  Probe  
  40  3:27  Pylon  
  40  3:33  Probe  
  41  3:35  Probe  
  42  3:42  Oracle  
  42  3:44  Probe  
  42  3:47  Probe  
  47  3:52  Probe  
  47  3:54  Gateway  
  47  3:57  Gateway  
  47  3:59  Probe  
  47  4:00  Probe  
  49  4:08  Pylon  
  50  4:11  Probe x2  
  50  4:13  Assimilator  
  52  4:23  Probe x2  
  54  4:30  Nexus  
  54  4:34  Assimilator  
  54  4:35  Probe x2  
  56  4:43  Shield Battery  
  56  4:47  Probe  
  56  4:48  Probe  
  56  4:51  Shield Battery  
  58  4:55  Sentry x2  
  58  4:59  Shield Battery  
  62  5:02  Pylon  
  62  5:09  Pylon  
  62  5:20  Stalker x3, Probe x2  
  70  5:26  Pylon  
  70  5:31  Forge  
  70  5:32  Twilight Council, Probe x2  
  72  5:42  Probe x2  
  72  5:44  Protoss Ground Weapons Level 1  
  72  5:45  Stalker x2, Probe  
  72  5:49  Blink  
  79  5:50  Probe x2  
  79  5:53  Robotics Facility, Probe  
  81  5:58  Probe x2  
  81  6:03  Probe  
  84  6:08  Gateway  
  84  6:10  Probe  
  86  6:13  Gateway  
  86  6:17  Gateway  
  86  6:26  Gateway x2, Probe x2  
  86  6:29  Probe  
  89  6:33  Immortal  
  89  6:36  Stalker x2  
  89  6:38  Probe  
  94  6:40  Pylon  
  95  6:57  Pylon  
  95  6:59  Pylon  
  95  7:07  Stalker x4  
  95  7:08  Observer  
  101  7:17  Shield Battery  
  101  7:23  Immortal  
  101  7:24  Pylon  
  101  7:25  Stalker  
  101  7:26  Stalker x2  
  101  7:28  Protoss Ground Armor Level 1  
  111  7:30  Pylon  
  111  7:32  Charge  
  111  7:35  Zealot x4  
  111  7:36  Pylon  
  119  7:44  Probe x2  
  119  7:50  Stalker  
  119  7:51  Stalker  
  125  7:53  Stalker x2  
  125  7:56  Shield Battery  
  125  7:57  Probe, Pylon  
  130  7:58  Sentry  
  131  8:13  Stalker  
  131  8:15  Immortal  
  131  8:17  Pylon  
  137  8:28  Zealot x2  
  137  8:32  Assimilator  
  137  8:33  Assimilator  
  139  8:44  Zealot x5  
  139  8:48  Pylon  
  149  8:59  Templar Archives  
  149  9:00  Pylon, Forge  
  149  9:01  Pylon  
  149  9:03  Pylon  
  149  9:06  Immortal  
  149  9:09  Sentry x2  
  151  9:17  Zealot x3  
  151  9:19  Pylon  
  151  9:20  Psionic Storm  
  139  9:25  Protoss Ground Weapons Level 2  
  139  9:28  Protoss Ground Armor Level 2  
  139  9:29  Zealot x3  
  133  9:36  Sentry, Nexus  
  135  9:39  Pylon  
  135  9:42  Zealot x4  
  143  9:50  Zealot x2  
  143  9:51  Zealot  
  143  9:54  Observer  
  142  10:05  Shield Battery, High Templar x2, Photon Cannon  
  146  10:08  High Templar x2  
  146  10:10  Photon Cannon  
  149  10:15  Zealot x4  
  155  10:24  Immortal  
  157  10:37  Zealot x4  
  133  10:51  Zealot  
  133  10:52  Zealot x3  
  139  11:05  Warp Prism  
  139  11:07  High Templar x4  
  139  11:08  Nexus  
  139  11:10  Pylon  
  148  11:14  Zealot x4, Pylon  
  156  11:23  Probe x3  
  159  11:34  Stalker x2  
  159  11:35  Stalker x2  
  163  11:40  Zealot x4  
  168  11:59  Stalker x4  
  172  12:05  Immortal  
  170  12:15  Zealot x4  
  166  12:17  Archon  
  166  12:19  Archon  
  156  12:26  Zealot x4  
  136  12:40  High Templar x2  
  136  12:41  High Templar x2  
  142  12:44  Archon x2, Immortal  
  142  12:48  Zealot x3  
  148  13:01  Pylon  
  146  13:06  Stalker  
  146  13:09  Stalker x3  
  152  13:15  Zealot x4  
Tags
 
Add a new tag
Caveats
  • Supply blocks, unpowered buildings, or Contaminate may cause inaccurate times.
  • Supply counts are checked every 10 seconds.